 Dungeon Crawl Stone Soup version 0.14.0-24-gfb45beb (webtiles) character file.

239 Maka the Insei (level 4, -2/23 HPs)
             Began as a Vine Stalker Monk on Apr 23, 2014.
             Was a Believer of Okawaru.
             Slain by a scorpion (5 damage)
             ... on Level 4 of the Dungeon.
             The game lasted 00:06:42 (1625 turns).

Maka the Insei (Vine Stalker Monk)                  Turns: 1625, Time: 00:06:43

HP  -2/23        AC  3     Str 13      XL: 4   Next: 65%
MP   0/5         EV 13     Int 10      God: Okawaru [**....]
Gold 144         SH  0     Dex 18      Spells:  0 memorised,  3 levels left

rFire  . . .     SeeInvis .       - Unarmed
rCold  . . .     Clarity  .     a - +1 robe
rNeg   . . .     Conserve .     (no shield)
rPois  .         rCorr    .     (no helmet)
rElec  .         rRot     +     (no cloak)
SustAb . .       Spirit   +     (no gloves)
rMut   +         Warding  .     (no boots)
Saprov . . .     Stasis   .     n - amulet of resist mutation
MR     +....                    m - ring of protection from magic
                                c - ring of sustenance

@: somewhat resistant to hostile enchantments, stealthy
A: fangs 2, regeneration 1, magic shield, antimagic bite, no device heal
a: Heroism, Renounce Religion


You were on level 4 of the Dungeon.
You worshipped Okawaru.
Okawaru was pleased with you.
You were not hungry.

You visited 1 branch of the dungeon, and saw 4 of its levels.

You collected 144 gold pieces.

Inventory:

Hand weapons
 v - a +0 blowgun
Missiles
 u - 3 javelins (quivered)
 w - 11 poisoned needles
Armour
 a - a +1 robe (worn)
Magical devices
 d - a wand of fire (6)
Comestibles
 b - 2 bread rations
 o - a meat ration
Scrolls
 f - 2 scrolls of enchant armour
 g - 2 scrolls of blinking
 h - 2 scrolls of teleportation
 l - a scroll of remove curse
Jewellery
 c - a ring of sustenance (left hand)
 m - a ring of protection from magic (right hand)
 n - an amulet of resist mutation (around neck)
Potions
 k - a potion of mutation {unknown}
 q - a potion of invisibility {unknown}
 r - a potion of restore abilities {unknown}
 s - a potion of confusion {unknown}


   Skills:
 - Level 2.6 Fighting
 - Level 2.4 Dodging
 - Level 2.4 Stealth
 + Level 5.9 Unarmed Combat


You had 3 spell levels left.
You didn't know any spells.

Dungeon Overview and Level Annotations

Branches:
Dungeon (4/15)
 Temple: D:4-7

Altars:
Okawaru
Xom


Innate Abilities, Weirdness & Mutations

You are immune to rotting.
You have extremely sharp teeth.
Your natural rate of healing is unusually fast.
When hurt, damage is shared between your health and your magic reserves.
Your bite disrupts and absorbs the magic of your enemies.
Potions and wands cannot restore your HP.


Message History

You feel invigorated.
The scorpion is heavily wounded.
You feel sick.
The scorpion stings you but does no damage.
You hit the scorpion. Your bite misses the scorpion.
The scorpion is severely wounded.
You feel sick. The scorpion barely misses you.
You hit the scorpion.
You punch the scorpion, but do no damage.
You bite the scorpion, but do no damage.
The scorpion is severely wounded.
The scorpion closely misses you.
You hit the scorpion.
You bite the scorpion, but do no damage.
The scorpion is almost dead.
You feel sick. The scorpion stings you!
* * * LOW HITPOINT WARNING * * *
Drink which item? (? for menu, Esc to quit)
You feel better.
It was a potion of curing.
The scorpion stings you.
You die...

).......................##
###...#....#..#.##..#....#
##.###..##............##
## ....##.#.......###
##...######....## ##...
#....## #.# ##.### #s# #(#
#@# #.# #.# #.# #.# #.#
#.######.####
....######.....##....#####
..........................
..........................
≈..≈.≈≈.≈..≈≈..≈≈≈≈≈≈...
≈≈≈≈≈≈≈≈≈≈≈≈≈≈≈≈≈≈≈≈≈≈≈≈


You could see a scorpion.

Vanquished Creatures
  An adder (D:3)
  3 gnolls (D:2)
  3 giant geckos
  A ball python (D:2)
  2 giant cockroaches
  7 hobgoblins
  7 kobolds
  11 bats
  4 giant newts
  10 goblins
  A quokka (D:2)
  6 rats
56 creatures vanquished.

Notes
Turn   | Place    | Note
--------------------------------------------------------------
     0 | D:1      | Maka, the Vine Stalker Monk, began the quest for the Orb.
     0 | D:1      | Reached XP level 1. HP: 11/11 MP: 1/1
    40 | D:1      | Reached XP level 2. HP: 16/16 MP: 3/3
   474 | D:2      | Reached XP level 3. HP: 16/19 MP: 4/4
   493 | D:2      | Reached skill level 5 in Unarmed Combat
   566 | D:2      | Found an iron altar of Okawaru.
   574 | D:2      | Became a worshipper of Warmaster Okawaru
   574 | D:2      | Acquired Okawaru's first power
   580 | D:2      | Reached XP level 4. HP: 19/23 MP: 3/5
   821 | D:2      | Found a shimmering altar of Xom.
  1625 | D:4      | Slain by a scorpion

Action                   |  1- 3 |  4- 6 || total
-------------------------+-------+-------++-------
Melee: Unarmed           |    88 |    66 ||   154
Evoke: Wand              |       |     1 ||     1
  Use: Scroll            |     4 |     5 ||     9
       Potion            |       |     1 ||     1
 Stab: Sleeping          |     1 |     1 ||     2
       Distracted        |       |     1 ||     1
